 Dungeon Crawl Stone Soup version 0.24.0 (webtiles) character file.

Game seed: 13552833139197744461, levelgen mode: deterministic

394 aullora the Poker (level 6, 0/53 HPs)
             Began as a Minotaur Fighter on Feb 10, 2020.
             Succumbed to a worker ant's poison
             ... on level 4 of the Dungeon.
             The game lasted 00:25:35 (1615 turns).

aullora the Poker (Minotaur Fighter)                Turns: 1615, Time: 00:25:36

Health: 0/53       AC:  7    Str: 23    XL:     6   Next: 52%
Magic:  5/5        EV:  8    Int:  5    God:
Gold:   96         SH: 10    Dex:  9    Spells: 5/5 levels left

rFire    . . .     SeeInvis .   a - +0 trident
rCold    . . .     Gourm    .   c - +0 shield
rNeg     . . .     Faith    .   b - +0 scale mail
rPois    .         Spirit   .   (helmet restricted)
rElec    .         Reflect  .   (no cloak)
rCorr    .         Harm     .   (no gloves)
MR       .....                  (no boots)
Stlth    ..........             (no amulet)
HPRegen  0.17/turn              (no ring)
MPRegen  0.09/turn              (no ring)

@: lethally poisoned (0 -> -4)
A: retaliatory headbutt, horns 2
a: no special abilities


You were on level 4 of the Dungeon.
You were not hungry.

You visited 1 branch of the dungeon, and saw 4 of its levels.

You collected 96 gold pieces.

Inventory:

Hand Weapons
 a - a +0 trident (weapon)
 i - a +0 dagger
 j - a +0 club
 l - a +0 club
 m - a +0 club
 n - a +0 mace
 o - a +0 club
 s - a +0 dagger
 t - a +0 scythe
 v - a +0 short sword
 z - a +0 rapier
 A - a +0 club
 B - a +0 club
 D - a +0 dagger
 E - a +0 short sword
 F - a +0 short sword
 H - a +0 hand axe
Missiles
 e - 26 arrows
 h - a boomerang (quivered)
 p - 19 stones
 x - 7 atropa-tipped darts
 M - 13 poisoned darts
Armour
 b - a +0 scale mail (worn)
 c - a +0 shield (worn)
 d - a +0 ring mail
 u - a +0 robe
 G - a +0 leather armour
 I - a +0 chain mail
Scrolls
 g - a scroll of fear {unknown}
 k - a scroll of random uselessness {unknown}
 q - 2 scrolls of identify {unknown}
 r - a scroll of enchant armour {unknown}
 y - a scroll of remove curse {unknown}
 C - a scroll of amnesia {unknown}
Potions
 w - 2 potions of lignification {unknown}
 J - a potion of might
 K - a potion of ambrosia {unknown}
 L - a potion of flight {unknown}
Comestibles
 f - 4 rations


   Skills:
 + Level 4.5 Fighting
 + Level 5.2 Polearms
 + Level 1.4 Throwing
 + Level 5.1 Armour
 + Level 2.1 Dodging
 + Level 4.8 Shields


You had 5 spell levels left.
You didn't know any spells.
Your spell library was empty.

Dungeon Overview and Level Annotations

Branches:
Dungeon (4/15)
 Temple: D:4-7

Altars:


Innate Abilities, Weirdness & Mutations

You reflexively headbutt those who attack you in melee.
You have a pair of horns on your head.


Message History

* * * LOW HITPOINT WARNING * * *
You feel sick.
Things that are here:
a +0 dagger; an orc corpse
* * * LOW HITPOINT WARNING * * *
You feel sick.
You see here an adder corpse.
* * * LOW HITPOINT WARNING * * *
You feel sick.
You see here 12 gold pieces.
Okay, then.
* * * LOW HITPOINT WARNING * * *
You feel sick.
* * * LOW HITPOINT WARNING * * *
You feel sick.
* * * LOW HITPOINT WARNING * * *
You feel sick.
* * * LOW HITPOINT WARNING * * *
You feel sick.
You die...

### ############# ..#
#####.#.#...#.#.# #.#
#...##.#..#..#.##
#.###...#.#..###..#.#
#...#...##..##.##..##
....†...#..##...##††#
#####.....##..(.@†))#
#...#..##...##..#
######..##.# ..##
#..## ..#. #..#..# ##
#...# ###


There were no monsters in sight!

Vanquished Creatures
  Sigmund (D:2)
  A scorpion (D:4)
  A hound (D:4)
  2 worker ants (D:4)
  3 adders
  A gnoll (D:1)
  An adder skeleton (D:4)
  3 worms
  3 dart slugs
  2 leopard geckos
  5 orcs
  A ball python (D:2)
  2 giant cockroaches (D:4)
  8 goblins
  3 hobgoblins
  8 jackals
  5 kobolds
  7 bats
  A frilled lizard (D:2)
  A jackal skeleton (D:4)
  9 rats
68 creatures vanquished.

Notes
Turn   | Place    | Note
-------+----------+-------------------------------------------
     0 | D:1      | aullora the Minotaur Fighter began the quest for the Orb.
     0 | D:1      | Reached XP level 1. HP: 19/19 MP: 0/0
   125 | D:1      | Reached XP level 2. HP: 21/27 MP: 1/1
   241 | D:1      | Reached XP level 3. HP: 23/33 MP: 2/2
   767 | D:2      | Noticed Sigmund
   784 | D:2      | Killed Sigmund
   784 | D:2      | Reached XP level 4. HP: 16/41 MP: 3/3
   784 | D:2      | Reached XP level 5. HP: 18/47 MP: 4/4
  1125 | D:2      | Reached skill level 1 in Throwing
  1192 | D:3      | Found a faded altar of an unknown god.
  1331 | D:4      | Reached XP level 6. HP: 23/53 MP: 5/5
  1558 | D:4      | Reached skill level 5 in Polearms
  1605 | D:4      | Reached skill level 5 in Armour
  1610 | D:4      | HP: 2/53 [poisoned by a worker ant]
  1615 | D:4      | Succumbed to a worker ant's poison

Levels and vault maps discovered:
D:1:      saegor_arrival_under_anarchy, layout_basic
D:2:      layout_loops_ring, uniq_sigmund
D:3:      cheibrodos_helix_gallery, layout_loops_ring,
          nicolae_overflow_hidden_temple, nicolae_overflow_crystal_walls,
          chequers_ecumenical_altar_simple_redux, first_ration
D:4:      minmay_diamond_boxcup, layout_rooms, old_standard_altar,
          ebering_ghost_sewer_d, serial_shops, shop, kennysheep_generic_room_15
